 Dungeon Crawl Stone Soup version 0.31.0-11-ge490571c62 (webtiles) character file.

Game seed: 269978088979754094

8057 jasper the Basher (level 11, -5/84 HPs)
             Began as a Mummy Berserker on Jan 28, 2024.
             Was a High Priest of Trog.
             Slain by Snorg (11 damage)
             ... on level 10 of the Dungeon.
             The game lasted 00:15:03 (8717 turns).

jasper the Basher (Mummy Berserker)                 Turns: 8717, Time: 00:15:04

Health: -5/84      AC: 10    Str: 25    XL:     11   Next: 4%
Magic:  11/11      EV:  9    Int:  6    God:    Trog [*****.]
Gold:   430        SH:  5    Dex: 12    Spells: 10/10 levels left

rFire   + . .        u - +9 whip "Hamay" {drain, rF+ rN+ Will+}
rCold   + + .        (no shield)
rNeg    + + +        g - +0 chain mail
rPois   ∞            (no helmet)
rElec   .            z - scarf {+Inv}
rCorr   .            h - +0 pair of gloves
SInv    .            (no boots)
Will    ++...        l - amulet of reflection Stlth
                     m - ring of protection from cold
HPRegen 0.34/turn    n - ring of protection from fire
MPRegen 0.12/turn

%: reflection, faith
@: about to teleport
A: cold resistance 1, negative energy resistance 3, torment resistance 2, heat
vulnerability 1, in touch with death 1, no potions, faith
a: Renounce Religion, Evoke Invisibility, Trog's Hand, Brothers in Arms


You were on level 10 of the Dungeon.
You worshipped Trog.
Trog was extremely pleased with you.
You visited 1 branch of the dungeon, and saw 10 of its levels.

You collected 430 gold pieces.

Inventory:

Hand Weapons
 a - a +0 mace
 e - a +0 short sword of speed
 s - a +0 flail
 u - the +9 whip "Hamay" (weapon) {drain, rF+ rN+ Will+}
   (You found it on level 4 of the Dungeon)

   rF+:       It protects you from fire.
   rN+:       It protects you from negative energy.
   Will+:     It increases your willpower.
 G - a +0 morningstar
Missiles
 c - 13 poisoned darts (quivered)
 f - 69 stones
 q - 11 javelins
 F - 6 boomerangs
Armour
 b - a +0 animal skin
 g - a +0 chain mail (worn)
 h - a +0 pair of gloves (worn)
 k - a +0 ring mail
 z - a scarf of invisibility (worn)
Jewellery
 d - an amulet of faith
 l - an amulet of reflection (around neck)
 m - a ring of protection from cold (left hand)
 n - a ring of protection from fire (right hand)
 C - an amulet of regeneration
 H - a ring of see invisible
Wands
 v - a wand of mindburst (5)
 y - a wand of light (1)
 A - a wand of flame (27)
 D - a wand of paralysis (5)
Scrolls
 i - a scroll of revelation
 j - 2 scrolls of fog
 o - 3 scrolls of torment
 p - 2 scrolls of teleportation
 t - a scroll of fear
 w - 3 scrolls of noise
 x - a scroll of enchant armour
 B - 2 scrolls of immolation
 E - 2 scrolls of identify


   Skills:
 + Level 7.4 Fighting
 - Level 12.0 Maces & Flails
 - Level 2.0 Throwing
 + Level 4.8 Armour
 - Level 1.5 Dodging
 - Level 3.0 Evocations


You had 10 spell levels left.
You didn't know any spells.
Your spell library was empty.

Dungeon Overview and Level Annotations

Branches:
Dungeon (10/15)            Temple (0/1) D:7             Orc (0/2) D:9
   Lair: D:8-11

Altars:
Dithmenos
Hepliaklqana
Kikubaaqudgha
Okawaru
Qazlal
Sif Muna
Trog
Yredelemnul

Shops:
D:4 [   D:6 [

Annotations:
D:2 1 runed translucent door, Crazy Yiuf
D:4 Dowan, Natasha
D:6 2 transporters, DeathSocks's ghost, novice VSGl
D:7 3 runed translucent doors, Vadun's ghost, novice DsCK
D:10 Snorg


Innate Abilities, Weirdness & Mutations

You are immune to poison.
Your flesh is cold resistant. (rC+)
You are immune to negative energy. (rN+++)
You are immune to unholy pain and torment.
You are vulnerable to heat. (rF-)
You are in touch with the powers of death.
You do not drink.
You have a special connection with the divine. (Faith)


Message History

You whack the komodo dragon!
The komodo dragon is lightly wounded.
The komodo dragon barely misses you.
You whack the komodo dragon! You drain the komodo dragon.
The komodo dragon is heavily wounded.
You whack the komodo dragon! You drain the komodo dragon.
You punch the komodo dragon.
You kill the komodo dragon!
Trog accepts your kill.
Snorg the Insatiable comes into view.
Snorg shouts!
Okay, then.
You throw a poisoned dart. The poisoned dart barely misses Snorg.
You throw a poisoned dart. The poisoned dart hits Snorg.
Okay, then.
Snorg goes berserk!
Aiming: Paralyse
Press: ? - help, Shift-Dir - straight line, f/p - Snorg
Aim: Snorg (berserk, chance to affect: 23%) Snorg resists with almost no effort.
Aiming: Paralyse
Press: ? - help, Shift-Dir - straight line, f/p - Snorg
Aim: Snorg (berserk, chance to affect: 23%) Snorg resists with almost no effort.
Snorg bites you! You block Snorg's attack. Snorg claws you!
Throw: throwing net
Press: ? - help, Shift-Dir - straight line, f/p - Snorg
Aim: Snorg (berserk, 59% to hit)
You throw a throwing net. The throwing net hits Snorg.
Snorg is caught in the net!
Snorg struggles against the net. x2
As you read the scroll of teleportation, it crumbles to dust.
You feel strangely unstable.
Snorg struggles against the net.
The net rips apart, and Snorg comes free!
Snorg attacks as she pursues you! Snorg bites you!!
* * * LOW HITPOINT WARNING * * *
Snorg closely misses you. Snorg claws you!
* * * LOW HITPOINT WARNING * * *
Snorg barely misses you. Snorg claws you!
You die...

.# ##.####.# ...
......... #.#
##.####.# ###.##
......... #....#
##.####.# #....#
## #.......
######....#
#............
...((.....#
....##.####+#
######.T@.##......
#............
#............
#............ #..
#....††...... ###
#.....†......
#............
#............
#............


You could see Snorg (berserk).

Vanquished Creatures
  2 two-headed ogres (D:9)
  2 komodo dragons (D:10)
  4 kobold demonologists
  A troll (D:10)
  2 hornets (D:8)
  A vampire (D:10)
  3 yaks (D:10)
  2 shadows
  Eustachio (D:3)
  A steam dragon (D:9)
  4 vampire mosquitoes (D:10)
  Menkaure (D:6)
  An orc warrior (D:9)
  A black bear (D:5)
  6 ogres
  2 centaurs
  A phantom (D:7)
  A kobold brigand (D:10)
  A bullfrog (D:6)
  2 scorpions
  5 wights
  11 killer bees (D:7)
  A howler monkey (D:10)
  3 gnoll boudas
  A hound (D:6)
  2 jellies
  3 orc priests
  A sleepcap (D:4)
  Natasha (twice) (D:4)
  Terence (D:2)
  9 orc wizards
  8 adders
  18 gnolls
  3 shadow imps
  A ribbon worm (D:2)
  3 dart slugs
  23 orcs
  2 ball pythons
  8 bats
  3 endoplasms
  A giant cockroach (D:1)
  9 goblins
  5 hobgoblins
  12 kobolds
  2 quokkas
  2 frilled lizards (D:2)
  3 rats
181 creatures vanquished.

Vanquished Creatures (others)
  An arcanist (D:7)
  A human (D:4)
  A kobold (D:3)
3 creatures vanquished.

Grand Total: 184 creatures vanquished

Notes
Turn   | Place    | Note
-------+----------+-------------------------------------------
     0 | D:1      | jasper the Mummy Berserker began the quest for the Orb.
     0 | D:1      | Reached XP level 1. HP: 18/18 MP: 1/1
   252 | D:1      | Reached XP level 2. HP: 20/24 MP: 2/2
   721 | D:2      | Reached skill level 3 in Maces & Flails
   721 | D:2      | Noticed Terence
   724 | D:2      | Reached ** piety under Trog
   734 | D:2      | Killed Terence
   735 | D:2      | Reached XP level 3. HP: 16/29 MP: 3/3
   987 | D:2      | Reached XP level 4. HP: 37/37 MP: 4/4
  1046 | D:2      | Found a runed translucent door.
  1047 | D:2      | Noticed Crazy Yiuf
  1643 | D:3      | Found a stormy altar of Qazlal.
  2087 | D:4      | Noticed Natasha
  2095 | D:4      | Killed Natasha
  2096 | D:4      | Reached skill level 4 in Maces & Flails
  2096 | D:4      | Reached XP level 5. HP: 34/42 MP: 5/5
  2146 | D:4      | Noticed Eustachio
  2259 | D:3      | Killed Eustachio
  2260 | D:3      | Reached XP level 6. HP: 41/49 MP: 6/6
  2331 | D:4      | Noticed Natasha
  2406 | D:4      | Killed Natasha
  2466 | D:4      | Reached skill level 5 in Maces & Flails
  2567 | D:4      | Noticed Natasha
  2709 | D:4      | Found an ancient bone altar of Kikubaaqudgha.
  2710 | D:4      | Noticed a human
  2713 | D:4      | Killed a human
  2744 | D:4      | Identified the +9 whip "Hamay" {drain, rF+ rN+ Will+}
  2828 | D:4      | Found Idopn's Antique Armour Shoppe.
  2950 | D:5      | Entered Level 5 of the Dungeon
  2957 | D:5      | Reached *** piety under Trog
  2958 | D:5      | Reached skill level 5 in Fighting
  3182 | D:5      | Reached XP level 7. HP: 56/56 MP: 7/7
  3319 | D:5      | Found a shadowy altar of Dithmenos.
  3519 | D:5      | Reached skill level 6 in Maces & Flails
  3713 | D:5      | Found an iron altar of Okawaru.
  3713 | D:5      | Found a hazy altar of Hepliaklqana.
  3888 | D:4      | Reached XP level 8. HP: 33/64 MP: 8/8
  4002 | D:4      | Noticed Dowan
  4095 | D:6      | Found a transporter.
  4223 | D:6      | Found a transporter.
  4225 | D:6      | Reached skill level 7 in Maces & Flails
  4500 | D:6      | Noticed Menkaure
  4514 | D:6      | Killed Menkaure
  4609 | D:6      | Found Xidutisk's Antique Armour Boutique.
  4754 | D:6      | Noticed DeathSocks's ghost (novice VSGl)
  4843 | D:7      | Found a runed translucent gate.
  4843 | D:7      | Found a runed translucent gate.
  4843 | D:7      | Found a runed translucent gate.
  4844 | D:7      | Noticed a troll
  4844 | D:7      | Noticed Vadun's ghost (novice DsCK)
  5097 | D:7      | Found a bloodstained altar of Trog.
  5108 | D:7      | Noticed a wizard
  5112 | D:7      | Killed a wizard
  5216 | D:7      | Found a shimmering blue altar of Sif Muna.
  5249 | D:7      | Found a staircase to the Ecumenical Temple.
  5281 | D:7      | Reached XP level 9. HP: 56/71 MP: 9/9
  5282 | D:7      | Reached **** piety under Trog
  5425 | D:7      | Reached skill level 8 in Maces & Flails
  5673 | D:7      | Reached skill level 1 in Throwing
  5765 | D:7      | Identified the +10 quarterstaff of the Revolution {drain,
                  | rElec rC++}
  7144 | D:9      | Noticed a two-headed ogre
  7307 | D:9      | Noticed a two-headed ogre
  7315 | D:9      | Killed a two-headed ogre
  7316 | D:9      | Reached skill level 9 in Maces & Flails
  7316 | D:9      | Reached XP level 10. HP: 79/79 MP: 10/10
  7322 | D:9      | Killed a two-headed ogre
  7323 | D:9      | Reached skill level 10 in Maces & Flails
  7343 | D:9      | Noticed a rust devil
  7671 | D:9      | Found a basalt altar of Yredelemnul.
  7708 | D:9      | Found a staircase to the Orcish Mines.
  7926 | D:10     | Entered Level 10 of the Dungeon
  8187 | D:10     | Reached skill level 11 in Maces & Flails
  8563 | D:10     | Noticed a rust devil
  8577 | D:10     | Reached ***** piety under Trog
  8647 | D:10     | Reached skill level 12 in Maces & Flails
  8665 | D:10     | Reached XP level 11. HP: 51/84 MP: 11/11
  8709 | D:10     | Noticed Snorg
  8717 | D:10     | Slain by Snorg

Illustrated notes

Levels and vault maps discovered:
D:1:      erik_arrival_blinker_ship, layout_rooms, lemuel_flame_loot_1
D:2:      layout_rooms, uniq_crazy_yiuf_cottage, uniq_terence
D:3:      layout_basic, nicolae_qazlal_general_emergency
D:4:      layout_basic, tgw_kikubaaqudgha, serial_shops,
          nicolae_shop_tiny_glass, kennysheep_opposing_triangles, uniq_duvessa,
          uniq_grinder, uniq_eustachio, uniq_natasha
D:5:      black_bear_nest_1, layout_basic, grunt_dithmenos_smoke_and_mirrors,
          nicolae_overflow_two_pavilions
D:6:      layout_loops_ring, serial_shops, shop, gammafunk_ghost_stat_death,
          uniq_menkaure
D:7:      layout_basic, kennysheep_mini, trog_wizard, minmay_temple_entry_grid,
          gammafunk_ghost_split
D:8:      minmay_klotski, layout_basic
D:9:      layout_cave_pools, overflow_temple_1_default, orc_0_dummy
D:10:     layout_basic, zin_scriptorium, mainiacjoe_overflow_surrounded_room,
          dpeg_oklobed_lair, uniq_snorg

Skill      XL: |  1  2  3  4  5  6  7  8  9 10 |
---------------+-------------------------------+-----
Maces & Flails | 3 4 5 6 7 9 12 | 12.0
Fighting       | 4 5 6 7 |  7.4
Armour         | 2 3 4 |  4.8
Throwing       | 2 |  2.0
Evocations     | 3 |  3.0
Dodging        | |  1.5

Action                     |  1- 3 |  4- 6 |  7- 9 | 10-12 || total
---------------------------+-------+-------+-------+-------++-------
  Melee: Mace              |    71 |   161 |       |       ||   232
         Punch             |     1 |       |     4 |     2 ||     7
         Whip              |       |    18 |   262 |   160 ||   440
         Flail             |       |     3 |       |       ||     3
  Throw: Dart              |     5 |    28 |    31 |     5 ||    69
         Throwing net      |       |     1 |     2 |     1 ||     4
 Invoke: Trog's Hand       |     1 |     1 |     2 |     1 ||     5
  Evoke: Wand              |       |       |     6 |     7 ||    13
    Use: Scroll            |     2 |     3 |     3 |     1 ||     9
   Stab: Distracted        |       |     1 |       |       ||     1
         Paralysed         |       |       |     3 |     6 ||     9
         Invisible         |       |       |       |     1 ||     1
 Armour: Animal skin       |    10 |       |       |       ||    10
         Ring mail         |    22 |       |       |       ||    22
         Skin              |     5 |       |       |       ||     5
         Chain mail        |     3 |   175 |   140 |   102 ||   420
  Dodge: Dodged            |    49 |    82 |    83 |    43 ||   257
  Block: Other             |     1 |    49 |    44 |    21 ||   115
         Reflection        |       |     1 |     1 |     2 ||     4
